 Dungeon Crawl Stone Soup version 0.29-a0-892-g2c4c91d9db (webtiles) character file.

Game seed: 3477468684992811074

15 BritishOli the Slasher (level 2, 22/22 HPs)
             Began as a Demonspawn Gladiator on July 22, 2022.
             Got out of the dungeon alive.
             The game lasted 00:00:56 (629 turns).

BritishOli the Slasher (Demonspawn Gladiator)        Turns: 629, Time: 00:00:57

Health: 22/22      AC:  4    Str: 14    XL:     2   Next: 34%
Magic:  2/2        EV: 12    Int:  9    God:
Gold:   34         SH:  0    Dex: 14    Spells: 1/1 levels left

rFire   . . .      SeeInvis .   a - +0 long sword
rCold   + . .      Faith    .   (no shield)
rNeg    . . .      Spirit   .   b - +0 leather armour
rPois   .          Reflect  .   c - +0 helmet
rElec   .          Harm     .   (no cloak)
rCorr   .          Rampage  .   (no gloves)
Will    .....                   (no boots)
Stlth   +.........              (no amulet)
HPRegen 0.07/turn               f - ring of protection from cold
MPRegen 0.08/turn               (no ring)

@: no status effects
A: sturdy frame 1
a: no special abilities


You escaped.
You visited 1 branch of the dungeon, and saw 1 of its levels.

You collected 34 gold pieces.

Inventory:

Hand Weapons
 a - a +0 long sword (weapon)
Missiles
 d - 3 throwing nets (quivered)
 e - a javelin
Armour
 b - a +0 leather armour (worn)
 c - a +0 helmet (worn)
Jewellery
 f - a ring of protection from cold (left hand)
Scrolls
 g - a scroll of teleportation {unknown}
 h - a scroll of torment {unknown}


   Skills:
 + Level 2.2 Fighting
 + Level 2.9 Long Blades
 + Level 2.0 Throwing
 + Level 2.9 Dodging


You had one spell level left.
You didn't know any spells.
Your spell library was empty.

Dungeon Overview and Level Annotations

Branches:
Dungeon (1/15)

Altars:


Innate Abilities, Weirdness & Mutations

Your movements are slightly less encumbered by armour. (ER -2)


Message History

A rat is nearby!
A rat is nearby!
You completely miss the rat. The rat closely misses you.
A rat is nearby!
A rat is nearby!
You closely miss the rat. The rat barely misses you. The rat misses you.
A rat is nearby!
You barely miss the rat. The rat bites you.
A rat is nearby!
You hit the rat.
You kill the rat!
You see here a rat corpse.
A goblin comes into view. It is wielding a +0 dagger.
A goblin is nearby!
The goblin shouts!
A goblin is nearby!
A goblin is nearby!
A goblin is nearby!
You hit the goblin.
You kill the goblin!
Things that are here:
a +0 dagger; a goblin corpse
Found a stone staircase leading down.
There is a stone staircase leading down here.
Found a hand axe.
No target in view!
No target in view!
Found a robe.
Key pressed, stopping explore.
No target in view!
A frilled lizard comes into view.
A frilled lizard is nearby!
The frilled lizard bites you.
You hit the frilled lizard.
You kill the frilled lizard!
No target in view!
No target in view!
There is a staircase leading out of the dungeon here.
Are you sure you want to leave the Dungeon?
This will make you lose the game!
You have escaped!

...#......#############..........
......# #####.....#####.........
......# #...#.....#...#.........
......# #.8.#.....#.8.#.........
###...# #...#.....#...#.........
......########.....#####.........
............................#....
.................................
#≈##............@........####....
#≈≈#≈#...........................
≈≈≈≈≈#...................##......
#≈≈#≈##..#####.....#####.#.......
≈≈≈≈≈≈#..#...#.....#...#.#.......
#≈≈≈#≈≈..#.8.#.....#.8.#.#.#...#.
≈≈≈≈≈##..#...#.....#...#.#.#.###.
≈≈#≈≈#...#####.....#####.#.#.###.
#≈≈##≈...##...#...######.#+#.#...


There were no monsters in sight!

Vanquished Creatures
  A bat (D:1)
  2 goblins (D:1)
  A hobgoblin (D:1)
  3 jackals (D:1)
  A quokka (D:1)
  A ball python (D:1)
  2 frilled lizards (D:1)
  2 kobolds (D:1)
  2 rats (D:1)
15 creatures vanquished.

Notes
Turn   | Place    | Note
-------+----------+-------------------------------------------
     0 | D:1      | BritishOli the Demonspawn Gladiator began the quest for the
                  | Orb.
     0 | D:1      | Reached XP level 1. HP: 16/16 MP: 1/1
   344 | D:1      | Gained mutation: Your movements are slightly less
                  | encumbered by armour. (ER -2) [demonic ancestry]
   344 | D:1      | Reached XP level 2. HP: 22/22 MP: 2/2
   629 | D:$      | Got out of the dungeon alive.

Illustrated notes

Levels and vault maps discovered:
D:1:      minmay_arrival_glassed_features, layout_basic, minivault_4,
          minmay_3d_cube

Skill      XL: |  1 |
---------------+----+-----
Throwing       | 2 |  2.0
Fighting       | |  2.2
Long Blades    | |  2.9
Dodging        | |  2.9

Action                   || total
-------------------------++-------
Melee: Long sword        ||    25
 Stab: Sleeping          ||     1
Armor: Leather armour    ||    11
Dodge: Dodged            ||    20

Table legend: (Time is in decaauts)
 A = Elapsed time spent in this place.
 B = Non-inter-level travel time spent in this place.
 C = Inter-level travel time spent in this place.
 D = Time resting spent in this place.
 E = Time spent auto-exploring this place.
 F = Levels seen in this place.
 G = Mean time per level.
                   A        B        C        D        E       F      G
               +--------+--------+--------+--------+--------+-----+--------+
         Total |    635 |    602 |     33 |      0 |    505 |   1 |  635.0 |
       Dungeon |    635 |    602 |     33 |      0 |    505 |   1 |  635.0 |
               +--------+--------+--------+--------+--------+-----+--------+

Top non-repeatable levels by time:
     D:1: 635 daAuts
